cohdb
Replays
Latest Replays
All Replays
Popular Replays
Top Player Replays
Match Explorer
How It Works
Community
CoH3 Stats
Reddit
Sign in to upload your games and track your stats! →
Sign in with Steam
Match 42851119
Unlisted
Match 42851119
Overview
Messages
Build Orders
End
Engineer Squad
Construct Weapon Support Center
Selects Special Operations Battlegroup
M1919 Machine Gun Team
M1919 Machine Gun Team
Construct Barracks
Bazooka Squad
Selects M29 Weasel with M1 Pack Howitzer
Riflemen Squad
Construct Medical Station
M29 Weasel with M1 Pack Howitzer
Grenade Package
Selects Smoke Screen
Bazooka Squad
Improved M9 Bazooka Rockets
Selects SSF Commando Squad
SSF Commando Squad
Air Support Center
david
DeadPhoenix
0
0
Comments
sign in to comment!
No comments posted yet!